 Dungeon Crawl Stone Soup version 0.31.0-1-g2c135a0 (webtiles) character file.

Game seed: 14507523976235168653

42 Kel the Cudgeller (level 3, -3/24 HPs)
             Began as a Gargoyle Berserker on Feb 10, 2024.
             Was a Believer of Trog.
             Incinerated by a bombardier beetle (5 damage)
             ... with a burning spray
             ... on level 3 of the Dungeon.
             The game lasted 00:02:18 (1679 turns).

Kel the Cudgeller (Gargoyle Berserker)              Turns: 1679, Time: 00:02:19

Health: -3/24      AC:  9    Str: 22    XL:     3   Next: 56%
Magic:  3/3        EV: 11    Int:  7    God:    Trog [**....]
Gold:   110        SH:  0    Dex:  9    Spells: 2/2 levels left

rFire   . . .        a - +0 mace
rCold   . . .        (no shield)
rNeg    + . .        d - +0 ring mail
rPois   ∞            (no helmet)
rElec   +            n - +0 cloak
rCorr   .            (no gloves)
SInv    .            (no boots)
Will    .....        (no amulet) Stlth
                     (no ring)
HPRegen 0.24/turn    (no ring)
MPRegen 0.08/turn

%: no passive effects
@: on fire, glowing
A: sickness immunity, AC +3, negative energy resistance 1, electricity
resistance, torment resistance 1, petrification resistance
a: Renounce Religion, Berserk, Trog's Hand


You were on level 3 of the Dungeon.
You worshipped Trog.
Trog was pleased with you.
You visited 1 branch of the dungeon, and saw 3 of its levels.

You collected 110 gold pieces.

Inventory:

Hand Weapons
 a - a +0 mace (weapon)
Armour
 d - a +0 ring mail (worn)
 n - a +0 cloak (worn)
Scrolls
 f - a scroll of enchant weapon {unknown}
 i - 2 scrolls of immolation {unknown}
 j - a scroll of identify {unknown}
 k - a scroll of enchant armour {unknown}
 l - a scroll of amnesia {unknown}
 m - a scroll of teleportation {unknown}
Potions
 b - a potion of mutation {unknown}
 c - 2 potions of enlightenment {unknown}
 e - a potion of ambrosia {unknown}
 g - a potion of attraction {unknown}
 h - a potion of curing {unknown}


   Skills:
 + Level 3.7 Fighting
 * Level 3.8 Maces & Flails
 + Level 2.8 Armour
 - Level 1.5 Dodging


You had 2 spell levels left.
You didn't know any spells.
Your spell library was empty.

Dungeon Overview and Level Annotations

Branches:
Dungeon (3/15)

Altars:

Shops:
D:1 :


Innate Abilities, Weirdness & Mutations

You are immune to sickness and miasma.
Your stone body is resilient. (AC +3)
You are immune to poison.
You resist negative energy. (rN+)
You are resistant to electric shocks. (rElec)
You are resistant to unholy torment.
You are immune to petrification.


Message History

Done exploring.
There is a stone staircase leading down here.
You climb downwards.
There is a stone staircase leading up here.
You open the door.
Found a leather armour.
No target in view!
There is an open door here.
You now have 110 gold pieces (gained 15).
You open the door.
There is an open door here.
A bombardier beetle comes into view.
The bombardier beetle closely misses you.
You barely miss the bombardier beetle.
The bombardier beetle sprays incendiary fluid at you.
The burning spray hits you.
You are covered in liquid fire!
You hit the bombardier beetle but do no damage.
The liquid fire burns you!
You hit the bombardier beetle.
The bombardier beetle is moderately wounded.
The liquid fire burns you!
The bombardier beetle bites you but does no damage.
You are too injured to fight recklessly!
You are too injured to fight recklessly!
You are too injured to fight recklessly!
You hit the bombardier beetle but do no damage.
The bombardier beetle is moderately wounded.
The liquid fire burns you!
* * * LOW HITPOINT WARNING * * *
The bombardier beetle bites you but does no damage.
You completely miss the bombardier beetle.
The bombardier beetle is moderately wounded.
The liquid fire burns you!
* * * LOW HITPOINT WARNING * * *
The bombardier beetle closely misses you.
You sock the bombardier beetle!
The bombardier beetle is severely wounded.
The liquid fire burns you!
You die...

#.# #.#
#.# #.#
#.# #.#
#B# #@#
#.# #.#
######.#
#....#.#
#....#.#
#....#.#
#....#.#
#....#.#


You could see a bombardier beetle.

Vanquished Creatures
  An adder (D:2)
  2 ribbon worms (D:2)
  A bat (D:1)
  5 endoplasms (D:1)
  3 goblins
  A hobgoblin (D:2)
  A jackal (D:2)
  3 ball pythons
  4 frilled lizards
  5 kobolds
  4 rats
30 creatures vanquished.

Notes
Turn   | Place    | Note
-------+----------+-------------------------------------------
     0 | D:1      | Kel the Gargoyle Berserker began the quest for the Orb.
     0 | D:1      | Reached XP level 1. HP: 14/14 MP: 1/1
   148 | D:1      | Reached XP level 2. HP: 11/19 MP: 2/2
   478 | D:1      | Found Jimnumm's Book Boutique.
   838 | D:2      | Reached XP level 3. HP: 20/23 MP: 3/3
  1020 | D:2      | Reached ** piety under Trog
  1678 | D:3      | HP: 1/24 [burnt (6)]
  1679 | D:3      | Incinerated by a bombardier beetle

Illustrated notes

Levels and vault maps discovered:
D:1:      amcnicky_arrival_gap_in_the_tavern_cellar, layout_loops_cross,
          serial_shops, shop, minmay_hedge_maze
D:2:      layout_loops_ring, minmay_tromino_v4_a
D:3:      layout_basic, nicolae_overflow_crystal_walls,
          hangedman_abyss_or_decor_stabs

Action                     || total
---------------------------++-------
  Melee: Mace              ||   100
         Punch             ||     1
 Armour: Ring mail         ||    65
  Dodge: Dodged            ||    68
